 Dungeon Crawl Stone Soup version 0.28-a0-447-g1f95980246 (webtiles) character file.

Game seed: 9900848643728507194

444 dracfodder the Chiller (level 7, -7/37 HPs)
             Began as a Gargoyle Ice Elementalist on Sept 12, 2021.
             Killed from afar by a white imp (9 damage)
             ... with a puff of frost
             ... on level 5 of the Dungeon.
             The game lasted 00:35:10 (4625 turns).

dracfodder the Chiller (Gargoyle Ice Elementalist)  Turns: 4625, Time: 00:35:12

Health: -7/37      AC:  6    Str: 11    XL:     7   Next: 3%
Magic:  13/13      EV: 12    Int: 18    God:
Gold:   264        SH:  5    Dex: 10    Spells: 6/14 levels left

rFire   . . .      SeeInvis .   o - +2 hand axe (flame)
rCold   . . .      Faith    .   (no shield)
rNeg    + . .      Spirit   .   a - +0 robe
rPois   ∞          Reflect  +   (no helmet)
rElec   +          Harm     .   (no cloak)
rCorr   .          Rampage  .   (no gloves)
Will    .....                   (no boots)
Stlth   ++........              d - amulet of reflection
HPRegen 0.12/turn               (no ring)
MPRegen 0.13/turn               (no ring)

@: no status effects
A: sickness immunity, AC +4, negative energy resistance 1, electricity
resistance, torment resistance 1, petrification resistance
a: no special abilities


You were on level 5 of the Dungeon.
You visited 1 branch of the dungeon, and saw 5 of its levels.

You collected 264 gold pieces.

Inventory:

Hand Weapons
 f - a +1 dagger of flaming
 g - a +0 short sword
 o - a +2 hand axe of flaming (weapon)
Missiles
 b - 184 stones
 c - 3 boomerangs
 h - 50 bolts
 k - 14 sling bullets
 l - 9 arrows
Armour
 a - a +0 robe (worn)
Jewellery
 d - an amulet of reflection (around neck)
Wands
 j - a wand of flame (2) (quivered)
Scrolls
 e - a scroll of teleportation
 m - a scroll of blinking {unknown}
 n - a scroll of identify
Potions
 i - a potion of curing
 q - a potion of lignification


   Skills:
 + Level 0.7 Fighting
 + Level 1.3 Short Blades
 + Level 1.5 Throwing
 + Level 2.0 Dodging
 + Level 2.6 Stealth
 + Level 0.7 Shields
 + Level 0.2 Unarmed Combat
 + Level 4.0 Spellcasting
 + Level 5.5 Ice Magic
 + Level 1.6 Evocations


You had 6 spell levels left.
You knew the following spells:

 Your Spells              Type           Power      Damage    Failure   Level
a - Freeze                Ice            92%        1d10      1%          1
b - Frozen Ramparts       Ice            46%        1d6       4%          3
c - Summon Small Mammal   Summ           12%        N/A       14%         1
d - Ozocubu's Armour      Ice            23%        N/A       4%          3

Your spell library contained the following spells:

 Spells                   Type           Power      Damage    Failure   Level
 Call Canine Familiar     Summ           3%         N/A       41%         3
 Dazzling Flash           Conj/Hex       6%         N/A       41%         3
 Gell's Gravitas          Tloc           1%         N/A       41%         3
 Lesser Beckoning         Tloc           3%         N/A       41%         3
 Summon Guardian Golem    Hex/Summ       3%         N/A       41%         3
 Teleport Other           Tloc           3%         N/A       41%         3
 Hailstorm                Conj/Ice       13%        3d5       43%         4
 Iskenderun's Mystic Bla  Conj/Tloc      3%         2d3       82%         4
 Starburst                Conj/Fire      1%         6d3       100%        6


Dungeon Overview and Level Annotations

Branches:
Dungeon (5/15)
 Temple: D:4-7

Altars:
Ashenzari
Cheibriados
Uskayaw
The Shining One

Shops:
D:2 *


Innate Abilities, Weirdness & Mutations

You are immune to sickness and miasma.
Your stone body is resilient. (AC +4)
You are immune to poison.
You resist negative energy. (rN+)
You are resistant to electric shocks. (rElec)
You are resistant to unholy torment.
You are immune to petrification.


Message History

The white imp gestures at you. The puff of frost hits you.
You block the shadow's attack.
The white imp sputters.
You block the white imp's attack. The bullfrog skeleton hits you.
You are too injured to fight recklessly!
You hit the white imp. You burn the white imp.
The white imp is almost dead.
You hit the bullfrog skeleton. You burn the bullfrog skeleton.
You closely miss the shadow. The bullfrog skeleton hits you.
The shadow hits you. The white imp closely misses you.
Unknown command.
You closely miss the white imp.
The white imp is almost dead.
You barely miss the shadow. You barely miss the bullfrog skeleton.
You block the bullfrog skeleton's attack.
The shadow hits you.
* * * LOW HITPOINT WARNING * * *
The white imp gestures at you. The puff of frost hits you.
* * * LOW HITPOINT WARNING * * *
The bullfrog skeleton hits you.
* * * LOW HITPOINT WARNING * * *
The shadow hits you.
You hit the white imp but do no damage.
The white imp is almost dead.
You barely miss the shadow. You slash the bullfrog skeleton!
You burn the bullfrog skeleton.
The bullfrog skeleton closely misses you.
The white imp hits you but does no damage.
The shadow closely misses you.
The bullfrog skeleton hits you but does no damage.
The white imp picks up a beetle and eats it.
The white imp hits you but does no damage.
You feel better. The bullfrog skeleton hits you.
* * * LOW HITPOINT WARNING * * *
The shadow hits you!
* * * LOW HITPOINT WARNING * * *
The white imp gestures at you. The puff of frost hits you!
You die...

#.###.###.# #.#
#.#.........# #.#
#...........# #.##
#...###.#.....# #..#
#. #...#.....####.###
#...#.............
####...####...###.###
#⌠..#'##.⌠#...###.##
#...@W....#....#...##
#.#..5Z...#####.......
.. #.......# #.....##
#.
.'..._...'...'..#.## #
..#.......#...#..#.#
###........#####..#.#
..........# ...#.# #
.#⌠.#.'.#.⌠# ... ..###
###..


You could see a shadow, a white imp and a bullfrog skeleton.

Vanquished Creatures
  An ogre (D:4)
  A scorpion (D:5)
  A jelly (D:4)
  An orc priest (D:4)
  A hound (D:5)
  2 iguanas
  2 hound skeletons (D:4)
  A howler monkey skeleton (D:4)
  2 adders (D:4)
  2 white imps
  An ufetubus (D:5)
  An adder skeleton (D:4)
  A worm (D:4)
  5 dart slugs
  7 orcs
  7 ball pythons
  7 endoplasms
  4 giant cockroaches
  6 goblins
  6 hobgoblins
  2 jackals (D:1)
  5 kobolds
  4 quokkas
  A bat (D:3)
  5 frilled lizards
  3 rats
79 creatures vanquished.

Notes
Turn   | Place    | Note
-------+----------+-------------------------------------------
     0 | D:1      | dracfodder the Gargoyle Ice Elementalist began the quest
                  | for the Orb.
     0 | D:1      | Reached XP level 1. HP: 10/10 MP: 3/3
   175 | D:2      | Reached XP level 2. HP: 15/15 MP: 3/5
   851 | D:1      | Reached XP level 3. HP: 9/19 MP: 6/6
  1018 | D:1      | Found a faded altar of an unknown god.
  1512 | D:2      | Found Norej's Assorted Antiques.
  1575 | D:3      | Learned a level 3 spell: Frozen Ramparts
  1577 | D:3      | Learned a level 1 spell: Summon Small Mammal
  1678 | D:3      | Reached XP level 4. HP: 23/24 MP: 1/8
  2358 | D:3      | Found a hide-covered altar of Uskayaw.
  3073 | D:4      | Reached skill level 5 in Ice Magic
  3073 | D:4      | Reached XP level 5. HP: 16/28 MP: 4/9
  3520 | D:4      | Learned a level 3 spell: Ozocubu's Armour
  3594 | D:4      | Reached skill level 1 in Short Blades
  3727 | D:5      | Entered Level 5 of the Dungeon
  3776 | D:4      | Found a snail-covered altar of Cheibriados.
  3793 | D:4      | Reached XP level 6. HP: 26/33 MP: 5/11
  3861 | D:4      | Reached skill level 1 in Throwing
  4082 | D:4      | Reached skill level 1 in Evocations
  4364 | D:5      | Found a glowing golden altar of the Shining One.
  4521 | D:5      | Reached XP level 7. HP: 37/37 MP: 7/13
  4609 | D:5      | Found a broken altar of Ashenzari.
  4612 | D:5      | Noticed a shadow
  4625 | D:5      | Killed from afar by a white imp

Illustrated notes

Levels and vault maps discovered:
D:1:      dpeg_arrival_tiny_j, layout_basic, ebering_ecumenical_altar_abandoned,
          minmay_pentomino_z4
D:2:      layout_loops_ring, serial_shops, nicolae_shop_window_shopping
D:3:      layout_rooms, mainiacjoe_overflow_brackets,
          grunt_temple_overflow_diamond, kennysheep_generic_room_16
D:4:      layout_basic, kennysheep_slug_shrine
D:5:      layout_loops_ring, evilmike_ruin_ashenzari, lemuel_tele_altar

Skill      XL: |  1  2  3  4  5  6 |
---------------+-------------------+-----
Spellcasting   | 3 4 |  4.0
Ice Magic      | 5 |  5.5
Short Blades   | 1 |  1.3
Throwing       | 1 |  1.5
Dodging        | 2 |  2.0
Evocations     | 1 |  1.6
Fighting       | |  0.7
Stealth        | |  2.6
Shields        | |  0.7
Unarmed Combat | |  0.2

Action                   |  1- 3 |  4- 6 |  7- 9 || total
-------------------------+-------+-------+-------++-------
Melee: Unarmed           |    12 |       |       ||    12
       Short sword       |     7 |    21 |       ||    28
       Dagger            |       |     6 |       ||     6
       Hand axe          |       |    13 |     8 ||    21
Throw: Stone             |     1 |       |       ||     1
       Boomerang         |       |    31 |       ||    31
 Cast: Freeze            |    39 |    28 |     1 ||    68
       Frozen Ramparts   |       |    13 |       ||    13
Evoke: Wand              |     3 |    18 |       ||    21
  Use: Scroll            |       |     8 |       ||     8
       Potion            |       |     1 |     1 ||     2
 Stab: Sleeping          |       |     1 |       ||     1
Armor: Robe              |    12 |    15 |     7 ||    34
Dodge: Dodged            |    19 |    25 |     6 ||    50
Block: Other             |     8 |    15 |     4 ||    27
       Reflection        |     1 |     2 |       ||     3

Table legend: (Time is in decaauts)
 A = Elapsed time spent in this place.
 B = Non-inter-level travel time spent in this place.
 C = Inter-level travel time spent in this place.
 D = Time resting spent in this place.
 E = Time spent auto-exploring this place.
 F = Levels seen in this place.
 G = Mean time per level.
                   A        B        C        D        E       F      G
               +--------+--------+--------+--------+--------+-----+--------+
         Total |   4646 |   4490 |    156 |   1055 |   2501 |   5 |  929.2 |
       Dungeon |   4646 |   4490 |    156 |   1055 |   2501 |   5 |  929.2 |
               +--------+--------+--------+--------+--------+-----+--------+

Top non-repeatable levels by time:
     D:1: 1445 daAuts
     D:4: 1358 daAuts
     D:2: 777 daAuts
     D:3: 775 daAuts
     D:5: 288 daAuts
